 Dungeon Crawl Stone Soup version 0.30-a0-719-gcc4359ea44 (webtiles) character file.

Game seed: 14514133760233379058

106 Dittersdorf the Shield-Bearer (level 4, -2/29 HPs)
             Began as a Gargoyle Fighter on Jan 26, 2023.
             Constricted to death by Natasha (4 damage)
             ... on level 2 of the Dungeon.
             The game lasted 00:01:45 (1246 turns).

Dittersdorf the Shield-Bearer (Gargoyle Fighter)    Turns: 1246, Time: 00:01:46

Health: -2/29      AC: 11    Str: 21    XL:     4   Next: 84%
Magic:  4/4        EV:  6    Int:  9    God:
Gold:   161        SH:  4    Dex:  9    Spells: 3/3 levels left

rFire   . . .      SeeInvis .    a - +0 flail
rCold   . . .      Faith    .    c - +0 buckler
rNeg    + . .      Spirit   .    b - +0 scale mail
rPois   ∞          Reflect  .    k - +0 helmet
rElec   +          Harm     .    (no cloak)
rCorr   .          Rampage  .    (no gloves)
Will    .....                    (no boots) Stlth
                                 (no amulet)
HPRegen 0.24/turn                (no ring)
MPRegen 0.09/turn                (no ring)

@: grasped by roots, slowed, constricted, very slow
A: sickness immunity, AC +3, negative energy resistance 1, electricity
resistance, torment resistance 1, petrification resistance
a: no special abilities


You were on level 2 of the Dungeon.
You visited 1 branch of the dungeon, and saw 2 of its levels.

You collected 161 gold pieces.

Inventory:

Hand Weapons
 a - a +0 flail (weapon)
Armour
 b - a +0 scale mail (worn)
 c - a +0 buckler (worn)
 e - a +0 plate armour
 k - a +0 helmet (worn)
Scrolls
 f - a scroll of noise {unknown}
 h - 2 scrolls of identify {unknown}
 i - a scroll of immolation {unknown}
 j - a scroll of poison {unknown}
 l - a scroll of magic mapping {unknown}
Potions
 d - a potion of might
 g - a potion of lignification {unknown}


   Skills:
 + Level 4.1 Fighting
 + Level 2.9 Maces & Flails
 + Level 4.1 Armour
 + Level 4.1 Shields


You had 3 spell levels left.
You didn't know any spells.
Your spell library contained the following spells:

 Spells                   Type           Power      Damage    Failure   Level
 Ensorcelled Hibernation  Hex/Ice        0%         N/A       91%         2
 Spider Form              Tmut/Pois      0%         N/A       99%         3
 Anguish                  Hex/Necr       0%         N/A       100%        4


Dungeon Overview and Level Annotations

Branches:
Dungeon (2/15)

Altars:

Annotations:
D:2 Natasha


Innate Abilities, Weirdness & Mutations

You are immune to sickness and miasma.
Your stone body is resilient. (AC +3)
You are immune to poison.
You resist negative energy. (rN+)
You are resistant to electric shocks. (rElec)
You are resistant to unholy torment.
You are immune to petrification.


Message History

Natasha claws you but does no damage. The grasping roots constrict you.
Natasha barely misses you. The grasping roots constrict you.
You block Natasha's attack. The grasping roots constrict you.
The grasping roots release their grip on you.
You closely miss Natasha.
Natasha is moderately wounded.
Natasha closely misses you.
You closely miss Natasha.
Natasha is moderately wounded.
Natasha zaps a wand.
The roots erupt in riotous growth!
The grasping roots grab you!
Natasha is unaffected.
The grasping roots constrict you. Natasha claws you but does no damage.
The grasping roots constrict you. Natasha claws you but does no damage.
The grasping roots constrict you.
You sock Natasha!
Natasha is severely wounded.
You block Natasha's attack. The grasping roots constrict you.
You barely miss Natasha.
Natasha is severely wounded.
Natasha barely misses you. The grasping roots constrict you.
Natasha stares at you and mumbles some strange words.
You feel as though you will be slow longer.
The grasping roots constrict you.
* * * LOW HITPOINT WARNING * * *
The grasping roots release their grip on you.
You barely miss Natasha.
Natasha is severely wounded.
Natasha stares at you and mumbles some strange words.
You feel as though you will be slow longer.
Natasha casts a spell.
You completely miss Natasha.
Natasha is severely wounded.
Natasha zaps a wand.
The roots erupt in riotous growth!
The grasping roots grab you!
Natasha is unaffected.
The grasping roots constrict you.
* * * LOW HITPOINT WARNING * * *
Natasha claws you.
* * * LOW HITPOINT WARNING * * *
The grasping roots constrict you.
You die...

#####.######.####.###.## #####...
.............†..#.##...###.......
#####.######.##.#....#.........##
......# #.##.####...###.###..#
####### #.##...###.## #.# #.#. .#
#.##...# #.# #.# #.## .# #.##...#
#.# #.# #.## .#
#.###.####.####.###.# .#
#....@.....#.........
.###########....h5....#.##..####
.......)..............#.##..#
.##.##÷#####.........##.##..#
.##.##.# #..................#
.##.##.# #.#.........##.###.#
....##.###.#............# #.#
.).........#.........#### #.#
.##.#.######.........# #)#


You could see Natasha and a crimson imp (summoned).

Vanquished Creatures
  Natasha (D:2)
  Robin (D:2)
  An adder (D:2)
  2 worms (D:2)
  A dart slug (D:1)
  5 endoplasms (D:1)
  A giant cockroach (D:2)
  12 hobgoblins
  2 jackals (D:1)
  4 ball pythons
  4 bats
  3 frilled lizards
  10 goblins
  3 kobolds
  A rat (D:2)
51 creatures vanquished.

Notes
Turn   | Place    | Note
-------+----------+-------------------------------------------
     0 | D:1      | Dittersdorf the Gargoyle Fighter began the quest for the
                  | Orb.
     0 | D:1      | Reached XP level 1. HP: 14/14 MP: 1/1
    98 | D:1      | You fall into a shaft and drop 1 floor!
    99 | D:2      | yay!
   166 | D:1      | Reached XP level 2. HP: 9/19 MP: 2/2
   471 | D:1      | Reached XP level 3. HP: 23/23 MP: 3/3
   755 | D:2      | Noticed Robin
   772 | D:2      | Killed Robin
   773 | D:2      | Reached XP level 4. HP: 20/29 MP: 4/4
  1036 | D:2      | Noticed Natasha
  1043 | D:2      | Killed Natasha
  1235 | D:2      | Noticed Natasha
  1246 | D:2      | Constricted to death by Natasha

Illustrated notes # #.#######.# #......@..# ########### Turn 99 on D:2: yay!

Levels and vault maps discovered:
D:1:      minmay_arrival_four_circles, layout_rooms
D:2:      layout_loops_ring, uniq_natasha, uniq_robin

Skill      XL: |  1  2  3  4 |
---------------+-------------+-----
Fighting       | 4 |  4.1
Armour         | 4 |  4.1
Shields        | 4 |  4.1
Maces & Flails | |  2.9

Action                     |  1- 3 |  4- 6 || total
---------------------------+-------+-------++-------
  Melee: Flail             |   104 |    62 ||   166
 Armour: Scale mail        |    69 |    35 ||   104
  Dodge: Dodged            |    60 |    29 ||    89
  Block: Buckler           |    28 |    10 ||    38

Table legend: (Time is in decaauts)
 A = Elapsed time spent in this place.
 B = Non-inter-level travel time spent in this place.
 C = Inter-level travel time spent in this place.
 D = Time resting spent in this place.
 E = Time spent auto-exploring this place.
 F = Levels seen in this place.
 G = Mean time per level.
                   A        B        C        D        E       F      G
               +--------+--------+--------+--------+--------+-----+--------+
         Total |   1303 |   1281 |     22 |    201 |    714 |   2 |  651.5 |
       Dungeon |   1303 |   1281 |     22 |    201 |    714 |   2 |  651.5 |
               +--------+--------+--------+--------+--------+-----+--------+

Top non-repeatable levels by time:
     D:2: 747 daAuts
     D:1: 555 daAuts
